 Dungeon Crawl Stone Soup version 0.20-a0-772-g73021bd (webtiles) character file.

312 Kriby the Magician (level 6, 0/32 HPs)
             Began as a Deep Elf Conjurer on Feb 27, 2017.
             Succumbed to a scorpion's poison
             ... on level 4 of the Dungeon.
             The game lasted 00:03:37 (4337 turns).

Kriby the Magician (Deep Elf Conjurer)              Turns: 4337, Time: 00:03:37

Health: 0/32       AC:  3    Str:  5    XL:     6   Next: 18%
Magic:  0/18       EV: 13    Int: 22    God:
Gold:   102        SH:  0    Dex: 15    Spells: 16/19 levels left

rFire    . . .     SeeInvis .   e - +2 dagger (elec)
rCold    . . .     Gourm    .   a - +1 robe
rNeg     . . .     Faith    .   (no shield)
rPois    .         Spirit   .   (no helmet)
rElec    .         Reflect  .   (no cloak)
rCorr    .         Harm     .   (no gloves)
MR       .....                  (no boots)
Stlth    ++........             (no amulet)
Regen    0.1/turn               (no ring)
MPRegen  0.2/turn               (no ring)

@: lethally poisoned (0 -> -5)
A: no striking features
a: no special abilities


You were on level 4 of the Dungeon.
You were very hungry.

You visited 1 branch of the dungeon, and saw 4 of its levels.

You collected 102 gold pieces.

Inventory:

Hand Weapons
 e - a +2 dagger of electrocution (weapon)
 q - a +1 dagger of venom
Armour
 a - a +1 robe (worn)
 o - a +0 shield
Jewellery
 r - an uncursed amulet of magic regeneration {unknown}
Wands
 u - a wand of disintegration (18/24)
Scrolls
 h - a scroll of amnesia
 i - a scroll of remove curse {unknown}
 p - a scroll of blinking
 t - a scroll of immolation {unknown}
 v - a scroll of magic mapping {unknown}
 w - a scroll of identify {unknown}
 x - a scroll of teleportation
Potions
 d - 2 potions of heal wounds {unknown}
 f - a potion of degeneration {unknown}
 g - a potion of curing {unknown}
 j - a potion of mutation {unknown}
 n - a potion of agility {unknown}
Books
 b - a book of Conjurations

   Spells                             Type                      Level
   a - Magic Dart                     Conjuration                  1
   b - Searing Ray                    Conjuration                  2
   c - Dazzling Spray                 Conjuration/Hexes            3
   d - Fulminant Prism                Conjuration/Hexes            4
   e - Force Lance                    Conjuration/Translocation    4
   f - Iskenderun's Mystic Blast      Conjuration                  4
 m - a book of Minor Magic

   Spells                             Type                      Level
   a - Magic Dart                     Conjuration                  1
   b - Blink                          Translocation                2
   c - Call Imp                       Summoning                    2
   d - Slow                           Hexes                        2
   e - Conjure Flame                  Conjuration/Fire             3
   f - Mephitic Cloud                 Conjuration/Poison/Air       3
 s - a book of Callings

   Spells                             Type                      Level
   a - Summon Small Mammal            Summoning                    1
   b - Call Imp                       Summoning                    2
   c - Call Canine Familiar           Summoning                    3
   d - Summon Guardian Golem          Hexes/Summoning              3
   e - Summon Lightning Spire         Summoning/Air                4
   f - Summon Ice Beast               Ice/Summoning                4
Comestibles
 c - 5 bread rations
 k - 3 meat rations
 l - a royal jelly


   Skills:
 - Level 2.4 Dodging
 - Level 2.4 Stealth
 * Level 7.2 Spellcasting
 + Level 6.0 Conjurations


You had 16 spell levels left.
You knew the following spells:

 Your Spells              Type           Power        Failure   Level  Hunger
a - Magic Dart            Conj           ####         1%          1    None
b - Searing Ray           Conj           ####..       1%          2    None


Dungeon Overview and Level Annotations

Branches:
Dungeon (4/15)
 Temple: D:4-7

Altars:
Nemelex Xobeh


Message History

Confirm with . or Enter, or press ? or * to list all spells.
Aiming: Magic Dart
Press: ? - help, Shift-Dir - straight line, f/p - orc priest
Aim: an orc priest, wielding a mace (severely wounded)
The magic dart hits the orc priest.
The orc priest is severely wounded.
The orc priest calls down the wrath of Beogh upon you.
Pain shoots through your body!
You feel sick.
The orc priest mumbles some strange prayers to Beogh against you.
Beogh smites you!
* * * LOW HITPOINT WARNING * * *
Casting: Magic Dart
Confirm with . or Enter, or press ? or * to list all spells.
Aiming: Magic Dart
Press: ? - help, Shift-Dir - straight line, f/p - orc priest
Aim: an orc priest, wielding a mace (severely wounded)
The magic dart hits the orc priest.
The orc priest is almost dead.
You die...

...# ##### ...# ##....
...##### ...... #......#
....†.# #......#
.......##+######......###
.........................
............##.#......#
....$....@..##.#......#
#.....†.....##.#.######
#..o........##.#.#
#†..........##...#
............###..#
.#..........#....#
............#.#.##
..(.........#.#..#
###########.##.##


You could see an orc priest.

Vanquished Creatures
  A scorpion (D:4)
  A howler monkey (D:4)
  2 orc wizards (D:3)
  A worker ant (D:4)
  6 adders
  3 oozes
  A worm (D:2)
  A dart slug (D:1)
  2 leopard geckos
  4 orcs
  A ball python (D:3)
  9 bats
  5 giant cockroaches
  7 goblins
  10 hobgoblins
  3 jackals
  A quokka (D:3)
  4 frilled lizards
  8 kobolds
  7 rats
77 creatures vanquished.

Notes
Turn   | Place    | Note
-------+----------+-------------------------------------------
     0 | D:1      | Kriby the Deep Elf Conjurer began the quest for the Orb.
     0 | D:1      | Reached XP level 1. HP: 10/10 MP: 6/6
    72 | D:1      | Reached XP level 2. HP: 15/15 MP: 6/8
   101 | D:1      | Learned a level 2 spell: Searing Ray
   453 | D:1      | Reached skill level 4 in Spellcasting
  1096 | D:1      | Reached XP level 3. HP: 18/19 MP: 6/10
  1501 | D:1      | Reached skill level 5 in Conjurations
  2181 | D:2      | Reached XP level 4. HP: 24/24 MP: 10/12
  2607 | D:2      | Reached skill level 5 in Spellcasting
  2835 | D:3      | Reached XP level 5. HP: 11/28 MP: 0/15
  3005 | D:3      | Reached skill level 6 in Spellcasting
  3348 | D:3      | Found a sparkling altar of Nemelex Xobeh.
  4330 | D:4      | Reached skill level 7 in Spellcasting
  4330 | D:4      | Reached XP level 6. HP: 27/32 MP: 4/18
  4336 | D:4      | HP: 1/32 [orc priest/divine providence (13)]
  4337 | D:4      | Succumbed to a scorpion's poison

Vault maps used:
D:1:      sevenhm_arrival_forest_fort_large_4
D:2:      first_bread
D:3:      marbit_many_paths, serial_park_tiny_pond, hangedman_decor_riveting,
          roderic_lattice_a
D:4:      minmay_temple_entry_enclosed_plants, minmay_statues_item, minmay_bent,
          uniq_menkaure

Skill      XL: |  1  2  3  4  5 |
---------------+----------------+-----
Spellcasting   | 4 5 7 |  7.2
Conjurations   | 5 6 |  6.0
Dodging        | |  2.4
Stealth        | |  2.4

Action                   |  1- 3 |  4- 6 || total
-------------------------+-------+-------++-------
Melee: Dagger            |       |     1 ||     1
 Cast: Magic Dart        |    71 |    94 ||   165
       Searing Ray       |       |     2 ||     2
  Use: Scroll            |       |     6 ||     6
  Eat: Chunk             |     4 |     5 ||     9
Armor: Robe              |     1 |     4 ||     5
Dodge: Dodged            |     5 |     6 ||    11
